AoeStats
← A554551N8

African Clearing

504878563Analyzed
2v2 RM · 26d ago on Sep 6, 2026· 55m 48s· 4 players
Game mode
Random Map
Map size
Medium (4 player)
Population
200
Speed
Normal
Resources
Standard
Victory
Conquest
Starting age
Dark Age
Ending age
Imperial Age
RankedLock teamsTeams togetherTeam positionsShared explorationLock speedFull tech treeHidden civsTurbo modeCheats
Victory
Defeat
🇦🇷 Berbers · Argentina
1248
+15
🇦🇷 Burgundians · Argentina
1229
+16
🇺🇸 Vietnamese · United States
1238
-17
🇬🇧 Malay · United Kingdom
1202
-14
A554551N8
4:08 Loom
14:28 Feudal Age
16:11 Town Watch
18:53 Castle Age
17:04 Double-Bit Axe
17:46 Gold Mining
20:51 Fletching
23:45 Bodkin Arrow
26:25 Wheelbarrow
32:10 Hand Cart
32:09 Horse Collar
38:39 Imperial Age
37:07 Chatras
38:30 Scale Barding Armor
38:42 Forging
39:00 Bow Saw
39:05 Bloodlines
41:26 Husbandry
44:15 Chain Barding Armor
44:32 Iron Casting
44:36 Paper Money
46:37 Plate Barding Armor
47:47 Elite Battle Elephant
50:27 Chemistry
50:22 Bracer
51:36 Padded Archer Armor
51:50 Elite Skirmisher
D0cTOrSniper
9:51 Loom
12:51 Feudal Age
18:26 Castle Age
17:16 Fletching
19:37 Double-Bit Axe
21:06 Bodkin Arrow
22:01 Crossbowman
24:04 Horse Collar
26:23 Padded Archer Armor
28:12 Wheelbarrow
27:46 Town Watch
30:56 Hand Cart
33:04 Town Patrol
33:34 Heavy Plow
33:52 Bow Saw
39:12 Thumb Ring
43:46 Imperial Age
41:44 Scale Barding Armor
41:49 Forging
43:31 Bracer
44:54 Chemistry
44:40 Careening
44:55 Ballistics
44:11 Elite Skirmisher
45:59 Imperial Skirmisher
elmariscal
13:01 Feudal Age
12:51 Loom
18:57 Gold Mining
22:15 Castle Age
21:12 Gold Shaft Mining
20:48 Double-Bit Axe
21:58 Forging
21:56 Scale Barding Armor
22:53 Wheelbarrow
22:21 Cavalier
30:28 Town Watch
31:26 Husbandry
38:40 Horse Collar
42:00 Imperial Age
43:02 Conscription
42:27 Pikeman
43:09 Halberdier
54:23 Squires
juanag86
4:21 Loom
4:34 Loom
12:37 Feudal Age
19:07 Castle Age
17:26 Stone Mining
25:14 Double-Bit Axe
26:39 Fletching
27:02 Town Watch
28:16 Wheelbarrow
29:27 Horse Collar
31:24 Gold Mining
36:00 Imperial Age
34:29 Thumb Ring
33:45 Elite Skirmisher
34:41 Padded Archer Armor
35:46 Bow Saw
35:51 Bodkin Arrow
36:13 Leather Archer Armor
36:38 Scale Barding Armor
37:06 Conscription
37:50 Hoardings
37:54 Bracer
38:24 Ring Archer Armor
39:24 Ballistics
40:04 Chemistry
40:46 Husbandry
40:56 Bloodlines
40:07 Light Cavalry
40:43 Hussar
42:29 Elite Camel Archer
44:35 Chain Barding Armor
44:26 Forging
48:02 Maghrebi Camels
53:12 Iron Casting
53:13 Plate Barding Armor
Connection lost

Rejoining the realm…

Still unreachable

The connection could not be restored.

Session expired

The server has moved on; the page needs a fresh start.